AoeStats
← Hitman88

Black Forest

510543204Analyzed
3v3 RM · 23h ago on Oct 1, 2026· 74m 2s· 6 players
Game mode
Random Map
Map size
Normal (6 player)
Population
200
Speed
Normal
Resources
Standard
Victory
Conquest
Starting age
Dark Age
Ending age
Imperial Age
RankedLock teamsTeams togetherTeam positionsShared explorationLock speedFull tech treeHidden civsTurbo modeCheats
Victory
Defeat
🇪🇸 Khmer · Spain
844
+12
🇦🇹 Teutons · Austria
767
+15
🇸🇪 Goths · Sweden
671
+19
🇺🇸 Turks · United States
860
-19
🇺🇸 Goths · United States
705
-14
🇮🇳 Danes · India
678
-13
kakao_
0:41 Loom
13:54 Feudal Age
15:14 Wheelbarrow
15:15 Town Watch
15:23 Double-Bit Axe
20:06 Castle Age
18:17 Stone Mining
18:26 Horse Collar
21:39 Gold Mining
28:13 Masonry
33:38 Imperial Age
31:51 Caravan
32:37 Hand Cart
33:07 Ironclad
33:03 Bow Saw
33:13 Fortified Wall
33:09 Fletching
34:00 Scale Mail Armor
34:13 Forging
36:32 Crenellations
36:31 Sappers
37:14 Heavy Plow
38:21 Two-Man Saw
38:08 Bloodlines
38:42 Conscription
38:21 Bodkin Arrow
42:49 Hoardings
41:44 Cavalier
43:43 Chemistry
45:00 Scale Barding Armor
45:31 Iron Casting
48:16 Siege Engineers
48:32 Ballistics
49:35 Stone Shaft Mining
49:34 Crop Rotation
51:08 Chain Mail Armor
53:37 Elite Teutonic Knight
54:50 Paladin
55:15 Heavy Scorpion
58:18 Chain Barding Armor
58:29 Plate Mail Armor
58:59 Blast Furnace
58:00 Padded Archer Armor
59:11 Elite Teutonic Knight
59:43 Elite Skirmisher
61:33 Heavy Mounted Crossbowman
64:43 Pikeman
65:24 Squires
65:09 Arson
67:05 Gambesons
66:41 Man-at-Arms
69:58 Long Swordsman
71:51 Coinage
72:34 Guilds
73:26 Two-Handed Swordsman
74:53 Banking
Lunkan
7:58 Loom
12:10 Feudal Age
12:48 Horse Collar
12:56 Double-Bit Axe
20:57 Castle Age
22:25 Heavy Plow
22:39 Bow Saw
23:40 Wheelbarrow
22:50 Town Watch
24:12 Fervor
25:42 Squires
30:53 Imperial Age
29:16 Anarchy
30:26 Forging
30:17 Scale Mail Armor
31:05 Elite Huskarl
32:06 Conscription
33:43 Hand Cart
33:30 Town Patrol
34:37 Perfusion
35:49 Iron Casting
35:48 Chain Mail Armor
38:17 Ballistics
38:27 Caravan
39:42 Chemistry
38:39 Murder Holes
43:16 Blast Furnace
42:08 Fletching
51:47 Crop Rotation
52:21 Two-Man Saw
51:57 Man-at-Arms
52:42 Long Swordsman
53:19 Two-Handed Swordsman
54:20 Champion
60:31 Heavy Scorpion
txarli
0:26 Loom
14:26 Feudal Age
15:42 Wheelbarrow
14:56 Double-Bit Axe
15:01 Horse Collar
15:13 Town Watch
15:47 Gold Mining
24:03 Castle Age
23:44 Stone Mining
25:05 Hand Cart
25:18 Heavy Plow
25:30 Bow Saw
25:25 Town Patrol
26:48 Caravan
29:20 Fortified Wall
29:22 Masonry
29:57 Ballistics
35:33 Imperial Age
34:34 Murder Holes
34:33 Fletching
34:53 Forging
34:44 Scale Mail Armor
35:30 Husbandry
35:41 Bloodlines
36:41 Conscription
35:46 Cavalier
38:25 Chemistry
39:22 Bodkin Arrow
40:02 Iron Casting
39:34 Scale Barding Armor
39:44 Chain Mail Armor
39:44 Siege Engineers
40:27 Crop Rotation
40:22 Heavy Scorpion
43:58 Hoardings
43:31 Double Crossbow
44:25 Gold Shaft Mining
44:25 Stone Shaft Mining
43:37 Pikeman
44:24 Halberdier
46:59 Onager
49:14 Bracer
55:13 Chain Barding Armor
56:00 Blast Furnace
55:32 Elite Ballista Elephant
58:32 Plate Barding Armor
J-Mo
6:05 Loom
14:27 Feudal Age
15:22 Horse Collar
15:31 Double-Bit Axe
21:57 Castle Age
21:14 Forging
21:05 Scale Mail Armor
21:19 Stone Mining
23:56 Stone Shaft Mining
29:29 Wheelbarrow
29:30 Bow Saw
29:24 Heavy Plow
30:13 Town Watch
32:30 Squires
35:10 Imperial Age
33:53 Caravan
34:54 Iron Casting
34:35 Chain Mail Armor
33:44 Pikeman
35:39 Hand Cart
36:09 Anarchy
39:30 Blast Furnace
41:50 Crop Rotation
42:06 Perfusion
43:12 Elite Huskarl
57:11 Ballistics
58:44 Chemistry
59:08 Murder Holes
60:50 Two-Man Saw
Hitman88
0:46 Loom
17:12 Feudal Age
20:07 Double-Bit Axe
23:01 Castle Age
23:09 Stone Mining
24:27 Treadmill Crane
25:33 Bow Saw
34:25 Imperial Age
32:47 Caravan
35:08 Ballistics
34:46 Elite Janissary
36:16 Conscription
39:02 Artillery
39:02 Gold Mining
54:28 Heavy Camel Rider
vinayrayal92
1:44 Loom
14:55 Feudal Age
18:49 Wheelbarrow
18:04 Town Watch
22:54 Castle Age
22:05 Double-Bit Axe
22:07 Horse Collar
24:33 Bow Saw
26:08 Caravan
32:46 Heavy Plow
33:03 Forging
32:54 Scale Mail Armor
34:33 Ballistics
34:09 Murder Holes
34:26 Masonry
34:05 Hamask
39:33 Imperial Age
37:53 Squires
37:38 Gambesons
37:18 Man-at-Arms
39:23 Long Swordsman
41:04 Siege Engineers
42:00 Chemistry
40:31 Northmen's Fury
41:34 Conscription
41:40 Fletching
42:27 Iron Casting
42:08 Chain Mail Armor
45:37 Blast Furnace
45:08 Plate Mail Armor
45:35 Onager
47:55 Pikeman
52:07 Arson
51:45 Halberdier
54:36 Two-Handed Swordsman
57:34 Bodkin Arrow
57:03 Champion
58:34 Bracer
62:45 Elite Varangian Guard
Connection lost

Rejoining the realm…

Still unreachable

The connection could not be restored.

Session expired

The server has moved on; the page needs a fresh start.